 Dungeon Crawl Stone Soup version 0.28.0-53-g5a82cb258f (webtiles) character file.

Game seed: 1259576276331248097

128 acdeimund the Conjurer (level 4, -5/25 HPs)
             Began as a Deep Elf Conjurer on July 14, 2022.
             Shot with an arrow by a centaur (6 damage)
             ... on level 4 of the Dungeon.
             The game lasted 00:08:35 (3335 turns).

acdeimund the Conjurer (Deep Elf Conjurer)          Turns: 3335, Time: 00:08:36

Health: -5/25      AC:  2    Str:  4    XL:     4   Next: 87%
Magic:  8/12       EV: 13    Int: 25    God:
Gold:   161        SH:  0    Dex: 13    Spells: 6/12 levels left

rFire   . . .      SeeInvis .   k - +1 dagger (flame)
rCold   . . .      Faith    .   (no shield)
rNeg    . . .      Spirit   .   l - +0 robe
rPois   .          Reflect  .   (no helmet)
rElec   .          Harm     .   (no cloak)
rCorr   .          Rampage  .   (no gloves)
Will    .....                   (no boots)
Stlth   ++........              (no amulet)
HPRegen 0.08/turn               (no ring)
MPRegen 0.13/turn               (no ring)

@: no status effects
A: no striking features
a: no special abilities


You were on level 4 of the Dungeon.
You visited 1 branch of the dungeon, and saw 4 of its levels.

You collected 161 gold pieces.

Inventory:

Hand Weapons
 d - a +0 short sword
 k - a +1 dagger of flaming (weapon)
 s - a +2 dagger of holy wrath
Armour
 a - a +0 robe
 h - a +0 buckler
 l - a +0 robe (worn)
Jewellery
 o - a ring of fire
Wands
 q - a wand of digging (3)
Scrolls
 c - a scroll of magic mapping {unknown}
 e - a scroll of blinking {unknown}
 f - 3 scrolls of teleportation {unknown}
 g - a scroll of enchant weapon {unknown}
 i - a scroll of noise {unknown}
 m - 2 scrolls of identify {unknown}
 n - a scroll of fear {unknown}
Potions
 b - a potion of attraction {unknown}
 j - 3 potions of brilliance {unknown}
 p - a potion of degeneration {unknown}
 r - a potion of flight {unknown}


   Skills:
 + Level 1.1 Fighting
 + Level 3.1 Dodging
 + Level 3.3 Stealth
 * Level 4.5 Spellcasting
 * Level 5.2 Conjurations


You had 6 spell levels left.
You knew the following spells:

 Your Spells              Type           Power      Damage    Failure   Level
a - Magic Dart            Conj           100%       1d8       1%          1
b - Searing Ray           Conj           62%        2d6       1%          2
c - Dazzling Flash        Conj/Hex       36%        N/A       9%          3

Your spell library contained the following spells:

 Spells                   Type           Power      Damage    Failure   Level
 Call Canine Familiar     Summ           5%         N/A       26%         3
 Portal Projectile        Hex/Tloc       10%        N/A       26%         3
 Fulminant Prism          Conj/Hex       9%         3d7       28%         4
 Iskenderun's Mystic Bla  Conj/Tloc      18%        2d6       28%         4
 Leda's Liquefaction      Hex/Erth       2%         N/A       65%         4


Dungeon Overview and Level Annotations

Branches:
Dungeon (4/15)
 Temple: D:4-7

Altars:
Hepliaklqana
Trog

Shops:
D:1 !


Message History

You now have 161 gold pieces (gained 5).
The centaur shouts!
The centaur wields a +0 shortbow.
The centaur shoots an arrow.
The arrow closely misses you.
The centaur shoots an arrow.
The arrow misses you.
The centaur shoots an arrow.
The arrow hits you.
You see here a +2 dagger of holy wrath.
s - a +2 dagger of holy wrath The centaur shoots an arrow.
The arrow closely misses you.
Aiming: Magic Dart (safe; 1% risk of failure)
Press: ? - help, Q - select action, (/) - cycle Shift-Dir - straight line, f - centaur
Aim: a centaur, wielding a +0 shortbow and quivering arrows (100% to hit)
Okay, then.
Casting: Magic Dart (safe; 1% risk of failure)
Confirm with . or Enter, or press ? or * to list all spells.
You can't see any susceptible monsters within range! (Use Z to cast anyway.) Unknown command.
Aiming: Magic Dart (safe; 1% risk of failure)
Press: ? - help, Q - select action, (/) - cycle Shift-Dir - straight line, f - centaur
Aim: a centaur, wielding a +0 shortbow and quivering arrows (100% to hit)
The magic dart hits the centaur.
The centaur is lightly wounded.
The centaur shoots an arrow.
The arrow barely misses you.
The centaur shoots an arrow.
The arrow hits you!
The centaur shoots an arrow.
The arrow hits you.
Casting: Magic Dart (safe; 1% risk of failure)
Confirm with . or Enter, or press ? or * to list all spells.
Aiming: Searing Ray (safe; 1% risk of failure)
Press: ? - help, Shift-Dir - straight line, f/p - centaur
Aim: a centaur, wielding a +0 shortbow and quivering arrows (lightly wounded, 87% to hit)
The searing ray hits the centaur.
The centaur is moderately wounded. (Press . to maintain the ray.)
The centaur shoots an arrow.
The arrow hits you!
* * * LOW HITPOINT WARNING * * *
The searing ray hits the centaur.
The centaur is heavily wounded.
The centaur shoots an arrow.
The arrow barely misses you.
The centaur shoots an arrow.
The arrow hits you.
You die...

... .. ..... .....
#....## #....
......#
#....#......#.....
#...#....c........
#..#.............
#................
#...@............
#................
##................
##.........<.......
#.......[..........
##.................
##................
#................
#................


You could see a centaur.

Vanquished Creatures
  Jessica (D:2)
  4 adders (D:2)
  A worm (D:2)
  3 dart slugs (D:1)
  An orc (D:4)
  4 ball pythons
  8 endoplasms
  2 giant cockroaches (D:1)
  5 goblins
  7 hobgoblins
  2 jackals (D:2)
  A quokka (D:1)
  4 bats
  5 frilled lizards
  4 kobolds
  A rat (D:2)
53 creatures vanquished.

Notes
Turn   | Place    | Note
-------+----------+-------------------------------------------
     0 | D:1      | acdeimund the Deep Elf Conjurer began the quest for the
                  | Orb.
     0 | D:1      | Reached XP level 1. HP: 10/10 MP: 6/6
   196 | D:1      | Found Ripodum's Distillery.
   249 | D:1      | Reached XP level 2. HP: 15/15 MP: 5/8
   422 | D:1      | Found a faded altar of an unknown god.
  1158 | D:2      | Reached XP level 3. HP: 20/20 MP: 8/10
  1161 | D:2      | Learned a level 2 spell: Searing Ray
  1549 | D:2      | Reached skill level 5 in Conjurations
  1549 | D:2      | Reached XP level 4. HP: 24/24 MP: 9/12
  1678 | D:2      | Reached skill level 1 in Fighting
  1799 | D:2      | Noticed Jessica
  1835 | D:2      | Killed Jessica
  1840 | D:2      | Learned a level 3 spell: Dazzling Flash
  2495 | D:3      | Found a hazy altar of Hepliaklqana.
  2897 | D:3      | Found a bloodstained altar of Trog.
  3248 | D:4      | Noticed a centaur
  3320 | D:4      | Noticed a centaur
  3334 | D:4      | HP: 1/25 [centaur/arrow (7)]
  3335 | D:4      | Shot with an arrow by a centaur

Illustrated notes

Levels and vault maps discovered:
D:1:      dpeg_arrival_line_fractal, layout_loops_ring, serial_rivers,
          chequers_serial_rivers_micro_e, chequers_serial_rivers_micro_c,
          chequers_serial_rivers_micro_d, chequers_serial_rivers_large_a,
          chequers_serial_rivers_room_a, chequers_serial_rivers_small_a,
          hellmonk_ecumenical_altar_lost_god, serial_shops,
          nicolae_shop_crystal, chequers_serial_rivers_micro_b
D:2:      layout_basic, uniq_jessica
D:3:      layout_basic, trog_book, mainiacjoe_overflow_24_doors,
          lemuel_old_faithful
D:4:      layout_layer_cave, nicolae_vehumet_radiance, grunt_ministairs_8

Skill      XL: |  1  2  3  4 |
---------------+-------------+-----
Stealth        | 3 |  3.3
Spellcasting   | 4 |  4.5
Conjurations   | 5 |  5.2
Fighting       | 1 |  1.1
Dodging        | 3 |  3.1

Action                   |  1- 3 |  4- 6 || total
-------------------------+-------+-------++-------
Melee: Dagger            |       |     3 ||     3
 Cast: Magic Dart        |    65 |    33 ||    98
       Searing Ray       |     2 |     3 ||     5
Dodge: Dodged            |     3 |     8 ||    11
